AoeStats
← Carloscba6669

Arena

510389309Analyzed
1v1 RM · 2d ago on Sep 30, 2026· 18m 18s· 2 players
Game mode
Random Map
Map size
Tiny (2 player)
Population
200
Speed
Normal
Resources
Standard
Victory
Conquest
Starting age
Dark Age
Ending age
Imperial Age
RankedLock teamsTeams togetherTeam positionsShared explorationLock speedFull tech treeHidden civsTurbo modeCheats
Victory
Defeat
🇪🇸 Britons · Spain
799
+15
🇮🇪 Romans · Ireland
771
-15
mairtt
9:30 Loom
12:06 Feudal Age
12:43 Double-Bit Axe
12:41 Horse Collar
18:24 Castle Age
18:39 Stone Mining
18:40 Gold Mining
Carloscba6669
2:20 Loom
10:50 Feudal Age
14:38 Castle Age
18:21 Double-Bit Axe
Connection lost

Rejoining the realm…

Still unreachable

The connection could not be restored.

Session expired

The server has moved on; the page needs a fresh start.